 Dungeon Crawl Stone Soup version 0.28.0-53-g5a82cb258f (webtiles) character file.

Game seed: 15353760385746438253

433 acdeimund the Poker (level 7, -10/56 HPs)
             Began as a Merfolk Fighter on July 29, 2022.
             Killed by an exploding orc (25 damage)
             ... ignited by their inner flame
             ... on level 5 of the Dungeon.
             The game lasted 00:07:09 (2163 turns).

acdeimund the Poker (Merfolk Fighter)               Turns: 2163, Time: 00:07:10

Health: -10/56     AC:  6    Str: 16    XL:     7   Next: 0%
Magic:  7/7        EV: 11    Int:  7    God:
Gold:   96         SH:  5    Dex: 16    Spells: 6/6 levels left

rFire   . . .      SeeInvis .   a - +1 trident (vamp)
rCold   . . .      Faith    .   c - +0 buckler
rNeg    . . .      Spirit   .   b - +0 scale mail
rPois   .          Reflect  .   (no helmet)
rElec   .          Harm     .   (no cloak)
rCorr   .          Rampage  .   (no gloves)
Will    .....                   (no boots)
Stlth   ..........              (no amulet)
HPRegen 0.18/turn               (no ring)
MPRegen 0.10/turn               (no ring)

@: mighty
A: (nimble swimmer 2), mertail
a: no special abilities


You were on level 5 of the Dungeon.
You visited 1 branch of the dungeon, and saw 5 of its levels.

You collected 96 gold pieces.

Inventory:

Hand Weapons
 a - a +1 vampiric trident (weapon)
 h - a +0 spear
Missiles
 e - 99 stones (quivered)
 j - 2 poisoned darts
Armour
 b - a +0 scale mail (worn)
 c - a +0 buckler (worn)
Scrolls
 g - 3 scrolls of identify {unknown}
 l - 2 scrolls of enchant weapon
Potions
 d - a potion of berserk rage {unknown}
 f - 2 potions of degeneration {unknown}
 i - a potion of attraction {unknown}
 n - a potion of curing {unknown}


   Skills:
 + Level 5.0 Fighting
 * Level 7.7 Polearms
 - Level 2.1 Armour
 + Level 4.3 Dodging
 - Level 3.0 Shields


You had 6 spell levels left.
You didn't know any spells.
Your spell library contained the following spells:

 Spells                   Type           Power      Damage    Failure   Level
 Ensorcelled Hibernation  Hex/Ice        0%         N/A       98%         2
 Ozocubu's Armour         Ice            0%         N/A       100%        3
 Spider Form              Tmut/Pois      0%         N/A       100%        3
 Anguish                  Hex/Necr       0%         N/A       100%        4
 Ozocubu's Refrigeration  Ice            0%         4d5       100%        7


Dungeon Overview and Level Annotations

Branches:
Dungeon (6/15)
 Temple: D:4-7

Altars:
Xom

Shops:
D:1 ((

Annotations:
D:5 Eustachio


Innate Abilities, Weirdness & Mutations

((You are very nimble when in or above water. (Stealth+, EV+, Speed+++)))
Your lower body shifts to a powerful aquatic tail in water.


Message History

The centaur kicks you.
You puncture the centaur!
The centaur is almost dead.
The centaur hits you. The centaur misses you.
Eustachio screams, "At last I'll have my revenge!"
Eustachio casts a spell.
You puncture the centaur!
You kill the centaur!
Your Fighting skill increases to level 5!
You have reached level 7!
Okay, then.
As you read the scroll labelled WEZXOJ WESOTWU, it crumbles to dust.
It is a scroll of enchant weapon.
Your +0 trident glows red for a moment.
As you read the scroll labelled BADEAZ MOREYTH, it crumbles to dust.
The scroll dissolves into smoke.
It was a scroll of fog.
The orc hits you but does no damage.
As you read the scroll labelled GUARIMOMIR, it crumbles to dust.
The creatures around you are filled with an inner flame!
It was a scroll of immolation.
Okay, then.
Eustachio gestures wildly while chanting.
You block Eustachio's attack.
You barely miss the orc.
You hear the slow rusting of a drain nearby.
Eustachio gestures wildly while chanting.
The orc closely misses you.
Unknown command.
As you read the scroll labelled RAMYIFOUDOA, it crumbles to dust.
It is a scroll of brand weapon.
Your +1 trident thirsts for the lives of mortals!
a - a +1 vampiric trident (weapon)
Eustachio brags, "I can call spirits from the vasty deep."
Eustachio hits you with a +0 rapier!
* * * LOW HITPOINT WARNING * * *
The orc misses you.
You puncture the orc!
You feel better.
The orc explodes!
The fiery explosion engulfs you!!
You die...

#.######
#.#..'##
#.#
#.#..#l.
#.#
#+####..
#.# ###
#5# #.#
#5# #@#
#@# . #§#
...
#o###o....
#§§§§o....
#####Z....
... .


You could see Eustachio, an orc (inner flame) and an ufetubus (summoned).

Vanquished Creatures
  Sigmund (D:2)
  A centaur (D:5)
  A bullfrog (D:5)
  A bullfrog skeleton (D:5)
  Jessica (D:3)
  Natasha (D:2)
  An adder skeleton (D:3)
  2 dart slugs
  4 orcs
  10 endoplasms
  5 giant cockroaches
  9 goblins
  5 hobgoblins
  2 kobolds (D:2)
  3 quokkas
  2 ball pythons
  3 bats
  3 frilled lizards
  2 rats
57 creatures vanquished.

Vanquished Creatures (others)
  2 plants (D:6)
2 creatures vanquished.

Grand Total: 59 creatures vanquished

Notes
Turn   | Place    | Note
-------+----------+-------------------------------------------
     0 | D:1      | acdeimund the Merfolk Fighter began the quest for the Orb.
     0 | D:1      | Reached XP level 1. HP: 18/18 MP: 1/1
    19 | D:1      | Found Teph's Weapon Shoppe.
   241 | D:1      | Reached XP level 2. HP: 24/24 MP: 2/2
   257 | D:1      | Reached skill level 1 in Dodging
   415 | D:1      | Found Sutum's Weapon Emporium.
   440 | D:1      | Reached skill level 4 in Polearms
   707 | D:2      | Reached XP level 3. HP: 27/29 MP: 3/3
  1065 | D:2      | Noticed Sigmund
  1106 | D:2      | Killed Sigmund
  1107 | D:2      | Reached skill level 6 in Polearms
  1107 | D:2      | Reached XP level 4. HP: 32/38 MP: 4/4
  1107 | D:2      | Reached XP level 5. HP: 37/43 MP: 5/5
  1376 | D:3      | Noticed Natasha
  1376 | D:3      | Noticed Jessica
  1397 | D:2      | Killed Natasha
  1511 | D:3      | Killed Jessica
  1512 | D:3      | Reached XP level 6. HP: 41/49 MP: 6/6
  2037 | D:3      | You fall into a shaft and drop 3 floors!
  2061 | D:5      | Entered Level 5 of the Dungeon
  2079 | D:5      | Found a shimmering altar of Xom.
  2088 | D:5      | Noticed Eustachio
  2096 | D:5      | Reached skill level 7 in Polearms
  2156 | D:5      | Reached skill level 5 in Fighting
  2156 | D:5      | Reached XP level 7. HP: 19/56 MP: 7/7
  2163 | D:5      | Killed by an exploding orc... ignited by their inner flame

Illustrated notes

Levels and vault maps discovered:
D:1:      onia_arrival_pyramid, layout_basic, serial_shops,
          nicolae_shop_bloodbath_and_beyond, shop_statue
D:2:      layout_loops_cross, minmay_tromino_v7, uniq_sigmund
D:3:      layout_basic, hangedman_abyss_or_decor_lesser_grid, uniq_natasha,
          uniq_jessica
D:5:      layout_basic, mainiacjoe_overflow_24_doors,
          cheibrodos_sewer_entry_bend, minmay_starry_boxes, uniq_eustachio
D:6:      layout_basic, grunt_gozag_breadcrumbs,
          minmay_temple_entry_gardened_gates, nicolae_shop_overcharged_wands,
          uniq_grinder

Skill      XL: |  1  2  3  4  5  6 |
---------------+-------------------+-----
Dodging        | 1 3 4 |  4.3
Polearms       | 4 6 7 |  7.7
Fighting       | 4 5 |  5.0
Armour         | |  2.1
Shields        | |  3.0

Action                   |  1- 3 |  4- 6 |  7- 9 || total
-------------------------+-------+-------+-------++-------
Melee: Trident           |    81 |   101 |     2 ||   184
  Use: Potion            |     1 |     1 |       ||     2
       Scroll            |       |     1 |     4 ||     5
Armor: Scale mail        |    26 |    27 |     1 ||    54
Dodge: Dodged            |    23 |    37 |     2 ||    62
Block: Buckler           |    13 |    27 |     1 ||    41
